 Dungeon Crawl Stone Soup version 0.21-a0-351-g38363bb (webtiles) character file.

8337 Dfrag the Arsonist (level 11, -2/81 HPs)
             Began as a Naga Fire Elementalist on Oct 10, 2017.
             Was a Priest of Vehumet.
             Hit by a javelin of returning thrown by Urug (6 damage)
             ... on level 10 of the Dungeon.
             The game lasted 00:19:51 (8021 turns).

Dfrag the Arsonist (Naga Fire Elementalist)         Turns: 8021, Time: 00:19:51

Health: -2/81      AC: 11    Str: 10    XL:     11   Next: 29%
Magic:  24/24      EV:  8    Int: 23    God:    Vehumet [***...]
Gold:   629        SH:  0    Dex: 13    Spells: 15/28 levels left

rFire    . . .     SeeInvis +   o - +9 trident of Tefutobo {pierce, +Rage SInv}
rCold    . . .     Gourm    .   (no shield)
rNeg     . . .     Faith    .   F - +2 robe {MR+}
rPois    +         Spirit   .   t - +0 helmet
rElec    .         Reflect  .   (no cloak)
rCorr    .         Harm     .   (no gloves)
MR       +++..                  k - +0 naga barding
Stlth    ++........             (no amulet)
HPRegen  0.23/turn              y - ring of protection from magic
MPRegen  0.19/turn              r - +5 ring of intelligence

@: about to teleport, very slow
A: see invisible, deformed body, poison resistance, slowness 2, slow metabolism
1, spit poison 1, AC +3
a: Spit Poison, Renounce Religion, Evoke Berserk Rage


You were on level 10 of the Dungeon.
You worshipped Vehumet.
Vehumet was most pleased with you.
You were not hungry.

You visited 2 branches of the dungeon, and saw 11 of its levels.

You collected 629 gold pieces.

Inventory:

Hand Weapons
 o - the +9 trident of Tefutobo (weapon) {pierce, +Rage SInv}
   (You found it on level 4 of the Dungeon)

   It inflicts extra damage upon your enemies.
   It lets you see invisible.
   It lets you go berserk.
 p - a +0 hand axe of electrocution
Armour
 k - a +0 naga barding (worn)
 t - a +0 helmet (worn)
 F - a +2 robe of magic resistance (worn)
Jewellery
 r - a +5 ring of intelligence (right hand)
 y - a ring of protection from magic (left hand)
Wands
 f - a wand of enslavement (13/24)
 q - a wand of iceblast (8/15)
 w - a wand of lightning (6/15)
 J - a wand of iceblast (10/15)
Scrolls
 d - 6 scrolls of identify {unknown}
 e - 2 scrolls of teleportation
 h - a scroll of fear {unknown}
 l - 2 scrolls of amnesia
 n - 3 scrolls of remove curse {unknown}
 v - a scroll of magic mapping {unknown}
 H - a scroll of enchant armour {unknown}
Potions
 i - a potion of might {unknown}
 j - 3 potions of curing {unknown}
 m - 3 potions of agility {unknown}
 u - 2 potions of berserk rage {unknown}
 x - a potion of invisibility {unknown}
 A - a potion of lignification {unknown}
 B - 2 potions of magic {unknown}
 C - a potion of degeneration {unknown}
 D - 4 potions of flight {unknown}
 E - a potion of ambrosia {unknown}
 I - a potion of haste {unknown}
 K - 2 potions of resistance {unknown}
Books
 a - the Compendium of the Entourage and Self-Improvement
   (You found it on level 8 of the Dungeon)

   Spells                             Type                      Level
   a - Summon Butterflies             Summoning                    1
   b - Shroud of Golubria             Charms/Translocation         2
   c - Song of Slaying                Charms                       2
   d - Summon Guardian Golem          Hexes/Summoning              3
   e - Summon Lightning Spire         Summoning/Air                4
   f - Summon Mana Viper              Hexes/Summoning              5
 b - a book of Flames

   Spells                             Type                      Level
   a - Flame Tongue                   Conjuration/Fire             1
   b - Throw Flame                    Conjuration/Fire             2
   c - Conjure Flame                  Conjuration/Fire             3
   d - Inner Flame                    Hexes/Fire                   3
   e - Sticky Flame                   Conjuration/Fire             4
   f - Fireball                       Conjuration/Fire             5
Comestibles
 c - 7 bread rations
 g - 7 meat rations
 s - 3 fruits
 z - 4 royal jellies
 G - 4 chunks of flesh


   Skills:
 - Level 1.5 Dodging
 - Level 3.0 Stealth
 + Level 9.4 Spellcasting
 + Level 10.0 Conjurations
 + Level 10.4 Fire Magic


You had 15 spell levels left.
You knew the following spells:

 Your Spells              Type           Power        Failure   Level  Hunger
a - Flame Tongue          Conj/Fire      #####        1%          1    None
b - Conjure Flame         Conj/Fire      ######..     1%          3    None
c - Sticky Flame          Conj/Fire      ######..     1%          4    ##.....
d - Fireball              Conj/Fire      ######....   1%          5    ####...


Dungeon Overview and Level Annotations

Branches:
Dungeon (10/15)            Temple (1/1) D:6            Lair (0/6) D:9
    Orc: D:9-12

Altars:
Ashenzari
Cheibriados
Dithmenos
Fedhas
Gozag
Hepliaklqana
Kikubaaqudgha
Makhleb
Nemelex Xobeh
Okawaru
Qazlal
Ru
Sif Muna
Trog
Vehumet
Wu Jian
Xom
Yredelemnul
Zin
The Shining One

Annotations:
D:7 Joseph
D:10 Urug


Innate Abilities, Weirdness & Mutations

You cannot wear boots.
Your serpentine skin is tough. (AC +3)
You have supernaturally acute eyesight. (SInv)
Armour fits poorly on your strangely shaped body.
Your system is resistant to poisons. (rPois)
You cover ground very slowly.
You have a slow metabolism.
You can spit poison.


Message History

An orc comes into view. It is wielding a club.
As you read the scroll of teleportation, it crumbles to dust.
You feel strangely unstable.
The orc shouts! x2
Urug throws a javelin of returning.
The javelin of returning completely misses you.
The weapon returns to Urug!
Unknown command.
Unknown command.
Okay, then.
As you read the scroll labeled WAERELU TIEPP, it crumbles to dust.
It is a scroll of amnesia.
Forget which spell ([?*] list [ESC] exit)?
Forget which spell ([?*] list [ESC] exit)?
Okay, then.
The orc wizard points at you and mumbles some strange words.
The puff of frost hits you!
* * * LOW HITPOINT WARNING * * *
Urug throws a javelin of returning.
The javelin of returning hits you.
You die...

## ###. ####
###...
##..#####..###
##.......(### #
##....F...F# #
###......#..## #
###..o.......##
#..@...o..(..#
.......o...O....##
................#
###............##
#..#......o....
#..#......Fo...
#.. #...........
#. #............


You could see Urug, a two-headed ogre, 2 bullfrogs, 2 orc wizards and 2 orcs.

Vanquished Creatures
  2 two-headed ogres
  Pikel (D:8)
  A komodo dragon (D:9)
  A hornet (D:9)
  3 wyverns
  5 yaks (D:10)
  A hungry ghost (D:9)
  An acid dragon (D:9)
  The ghost of Hiru the Charmwright, an amateur VSSk (D:3)
  3 orc warriors
  A hornet zombie (D:6)
  5 phantoms
  An ice beast (D:5)
  A sky beast (D:5)
  6 ogres
  5 centaurs
  A crocodile (D:9)
  A gnoll sergeant (D:9)
  3 bullfrogs
  A wyvern zombie (D:9)
  3 scorpions
  A water moccasin skeleton (D:9)
  9 killer bees (D:8)
  4 wights (D:7)
  2 crimson imps
  A centaur zombie (D:7)
  4 hounds
  3 bullfrog skeletons
  A jelly (D:9)
  5 orc priests
  3 iguanas
  A gnoll shaman (D:9)
  Natasha (twice) (D:2)
  13 orc wizards
  12 worker ants
  2 hound skeletons
  3 worker ant zombies
  11 gnolls (D:9)
  13 adders
  An adder zombie (D:5)
  An adder skeleton (D:6)
  2 worms
  4 leopard geckos
  38 orcs
  7 ball pythons
  A giant cockroach (D:2)
  5 goblins
  13 hobgoblins
  5 quokkas
  9 bats
  6 frilled lizards
  A jackal skeleton (D:5)
  7 kobolds
  A leopard gecko zombie (D:5)
  A quokka skeleton (D:7)
  8 rats
247 creatures vanquished.

Vanquished Creatures (others)
  2 slaves (D:8)
  An orc priest (D:8)
  An orc wizard (D:8)
  A worker ant (D:8)
  An adder skeleton (D:8)
  3 orcs (D:8)
9 creatures vanquished.

Grand Total: 256 creatures vanquished

Notes
Turn   | Place    | Note
-------+----------+-------------------------------------------
     0 | D:1      | Dfrag the Naga Fire Elementalist began the quest for the Orb.
     0 | D:1      | Reached XP level 1. HP: 15/15 MP: 3/3
     6 | D:1      | Noticed a water moccasin
     6 | D:1      | Noticed a komodo dragon
     6 | D:1      | Noticed a redback
     7 | D:1      | Noticed a black bear
     7 | D:1      | Noticed a five-headed hydra
    69 | D:1      | Reached XP level 2. HP: 21/22 MP: 3/5
   486 | D:2      | Reached XP level 3. HP: 28/28 MP: 1/6
   494 | D:2      | Noticed a centaur
   741 | D:2      | Killed a centaur
   741 | D:2      | Reached XP level 4. HP: 24/36 MP: 2/8
   741 | D:2      | Reached XP level 5. HP: 28/42 MP: 2/9
   911 | D:2      | Learned a level 3 spell: Conjure Flame
   916 | D:2      | Learned a level 4 spell: Sticky Flame
   987 | D:2      | Noticed Natasha
   997 | D:2      | Killed Natasha
  1417 | D:3      | Reached XP level 6. HP: 42/49 MP: 6/11
  1440 | D:3      | Noticed Hiru's ghost (amateur VSSk)
  1626 | D:2      | Noticed Natasha
  1632 | D:2      | Killed Natasha
  2062 | D:4      | Reached skill level 5 in Fire Magic
  2232 | D:4      | Reached XP level 7. HP: 55/55 MP: 10/13
  2599 | D:4      | Got a translucent trident
  2600 | D:4      | Identified the +9 trident of Tefutobo {pierce, +Rage SInv} (You found it on level 4 of the Dungeon)
  2910 | D:3      | Killed Hiru's ghost
  2989 | D:3      | Found a sacrificial altar of Ru.
  3274 | D:5      | Entered Level 5 of the Dungeon
  3339 | D:5      | Reached skill level 5 in Spellcasting
  3339 | D:5      | Reached XP level 8. HP: 54/62 MP: 10/15
  3396 | D:5      | Reached skill level 5 in Conjurations
  4104 | D:6      | Found a snail-covered altar of Cheibriados.
  4122 | D:6      | Found a staircase to the Ecumenical Temple.
  4146 | Temple   | Entered the Ecumenical Temple
  4193 | Temple   | Became a worshipper of Vehumet
  4287 | D:6      | Reached XP level 9. HP: 45/68 MP: 0/18
  4781 | D:6      | Learned a level 5 spell: Fireball
  4911 | D:6      | Found a basalt altar of Yredelemnul.
  4911 | D:6      | Found a blossoming altar of Fedhas.
  4978 | D:7      | Noticed Joseph
  5232 | D:7      | Found a shattered altar of Ashenzari.
  5602 | D:7      | Reached * piety under Vehumet
  5602 | D:7      | Offered knowledge of Magic Dart by Vehumet.
  5775 | D:8      | Found a bloodstained altar of Trog.
  5792 | D:8      | Noticed Pikel
  5800 | D:8      | Killed Pikel
  5822 | D:8      | Reached XP level 10. HP: 72/75 MP: 8/21
  6374 | D:8      | Identified the Compendium of the Entourage and Self-Improvement
  6713 | D:9      | Reached ** piety under Vehumet
  6714 | D:9      | Found an iron altar of Okawaru.
  6738 | D:9      | Offered knowledge of Sandblast by Vehumet.
  7025 | D:9      | Offered knowledge of Static Discharge by Vehumet.
  7403 | D:9      | Noticed a two-headed ogre
  7411 | D:9      | Killed a two-headed ogre
  7639 | D:9      | Reached *** piety under Vehumet
  7639 | D:9      | Reached XP level 11. HP: 70/81 MP: 16/24
  7708 | D:9      | Found a staircase to the Lair.
  7715 | D:9      | Reached skill level 10 in Fire Magic
  7829 | D:10     | Entered Level 10 of the Dungeon
  7970 | D:10     | Noticed a two-headed ogre
  7976 | D:10     | Killed a two-headed ogre
  7976 | D:10     | Reached skill level 10 in Conjurations
  8011 | D:10     | Noticed Urug
  8016 | D:10     | Noticed a two-headed ogre
  8021 | D:10     | HP: 4/81 [orc wizard/puff of frost (8)]
  8021 | D:10     | Hit by a javelin of returning thrown by Urug

Vault maps used:
D:1:      onia_arrival_zoo_common
D:2:      uniq_natasha
D:3:      nicolae_ru_great_annihilating_truth
D:4:      first_bread
D:6:      cheibriados_altar_1, gammafunk_temple_overflow_elements,
          minmay_temple_entry_large_hall, grunt_potential
D:7:      elyvilon_altar_4, nicolae_ashenzari_panopticon, basic_altar,
          uniq_joseph
D:8:      nicolae_overflow_hidden_temple, lemuel_round_altar, uniq_pikel
D:9:      okawaru_altar_gauntlet_db, erik_lair_dragon
D:10:     uniq_erica, uniq_urug
Temple:   dshaligram_water_room_temple

Skill      XL: |  1  2  3  4  5  6  7  8  9 10 11 |
---------------+----------------------------------+-----
Conjurations   | 2 3 4 6 8 9 10 | 10.0
Spellcasting   | 3 4 5 6 7 9 |  9.4
Fire Magic     | 4 5 7 8 9 10 | 10.4
Dodging        | |  1.5
Stealth        | |  3.0

Action                   |  1- 3 |  4- 6 |  7- 9 | 10-12 || total
-------------------------+-------+-------+-------+-------++-------
Melee: Unarmed           |    16 |    11 |       |       ||    27
       Trident           |       |       |   170 |    97 ||   267
       Hand axe          |       |       |     3 |       ||     3
 Cast: Flame Tongue      |    34 |    70 |    84 |    79 ||   267
       Sticky Flame      |       |     5 |    23 |    23 ||    51
       Fireball          |       |       |     5 |    29 ||    34
 Abil: Spit Poison       |    13 |    18 |     3 |     3 ||    37
       Evoke Berserk Rag |       |       |     1 |       ||     1
  Use: Potion            |       |       |     3 |       ||     3
       Scroll            |       |       |     2 |     4 ||     6
 Stab: Sleeping          |       |       |    13 |     2 ||    15
       Distracted        |       |       |     1 |       ||     1
  Eat: Chunk             |       |     6 |    15 |    14 ||    35
       Fruit             |       |       |     1 |       ||     1
Armor: Robe              |     3 |    40 |    89 |    51 ||   183
Dodge: Dodged            |    32 |    30 |   101 |    71 ||   234

Table legend:
 A = Spawn XP
 B = Non-spawn XP
 C = Spawn XP percentage of total XP
 D = Spawn monster count
 E = Non-spawn monster count
 F = Spawn count percentage of total count
 G = Total turns spent on level
                    A         B        C        D         E        F      G
               +---------+---------+-------+---------+---------+-------+---------
         Total |       0 |   11911 |   0.0 |       0 |     247 |   0.0 |  8021
               +---------+---------+-------+---------+---------+-------+---------
           D:1 |       0 |      27 |   0.0 |       0 |      17 |   0.0 |   455
           D:2 |       0 |     280 |   0.0 |       0 |      27 |   0.0 |  1133
           D:3 |       0 |     313 |   0.0 |       0 |      27 |   0.0 |   653
           D:4 |       0 |     413 |   0.0 |       0 |      20 |   0.0 |  1033
           D:5 |       0 |     663 |   0.0 |       0 |      25 |   0.0 |   743
           D:6 |       0 |    1281 |   0.0 |       0 |      28 |   0.0 |   870
           D:7 |       0 |     965 |   0.0 |       0 |      16 |   0.0 |   713
           D:8 |       0 |    1872 |   0.0 |       0 |      20 |   0.0 |   858
           D:9 |       0 |    3854 |   0.0 |       0 |      56 |   0.0 |  1307
          D:10 |       0 |    2243 |   0.0 |       0 |      11 |   0.0 |   192
               +---------+---------+-------+---------+---------+-------+---------
